AoeStats
← proplayer1212

Hideout

507955255Analyzed
1v1 RM · 13d ago on Sep 20, 2026· 37m 40s· 2 players
Game mode
Random Map
Map size
Tiny (2 player)
Population
200
Speed
Normal
Resources
Standard
Victory
Conquest
Starting age
Dark Age
Ending age
Imperial Age
RankedLock teamsTeams togetherTeam positionsShared explorationLock speedFull tech treeHidden civsTurbo modeCheats
Victory
Defeat
🇩🇪 Persians · Germany
876
+17
🇨🇭 Ethiopians · Switzerland
892
-17
Notavailable469
10:26 Feudal Age
15:11 Castle Age
13:10 Double-Bit Axe
13:32 Horse Collar
18:38 Bow Saw
19:02 Heavy Plow
25:52 Wheelbarrow
25:02 Loom
25:03 Town Watch
25:47 Gold Mining
28:06 Hand Cart
27:51 Town Patrol
31:17 Imperial Age
31:18 Gold Shaft Mining
32:10 Scale Barding Armor
32:16 Forging
31:42 Cavalier
31:47 Elite Skirmisher
33:23 Chain Barding Armor
34:39 Iron Casting
34:43 Plate Barding Armor
35:30 Crop Rotation
36:05 Two-Man Saw
38:31 Blast Furnace
37:27 Savar
38:07 Husbandry
proplayer1212
8:01 Loom
10:54 Feudal Age
11:27 Double-Bit Axe
11:25 Horse Collar
18:43 Fletching
21:28 Castle Age
20:19 Forging
20:10 Padded Archer Armor
21:10 Gold Mining
22:01 Crossbowman
24:55 Town Watch
26:14 Bow Saw
28:19 Wheelbarrow
32:32 Imperial Age
30:56 Bodkin Arrow
31:45 Hand Cart
32:35 Iron Casting
32:07 Scale Barding Armor
33:12 Ballistics
35:04 Arbalester
37:22 Bracer
37:32 Heavy Plow
Connection lost

Rejoining the realm…

Still unreachable

The connection could not be restored.

Session expired

The server has moved on; the page needs a fresh start.